 Dungeon Crawl Stone Soup version 0.31.0-11-ge490571c62 (webtiles) character file.

Game seed: 3503300738779078931

127425 inmateoo the Fencer (level 16, -4/89 (131) HPs)
             Began as a Demonspawn Gladiator on Jan 28, 2024.
             Was the Champion of Cheibriados.
             Shot with an arrow by Vashnia (16 damage)
             ... on level 3 of the Snake Pit.
             The game lasted 00:30:54 (24089 turns).

inmateoo the Fencer (Demonspawn Gladiator)         Turns: 24089, Time: 00:30:55

HP:   -4/89 (131)   AC: 30    Str: 32    XL:     16   Next: 46%
MP:   27/27         EV: 24    Int: 28    God:    Cheibriados [******]
Gold: 2945          SH: 13    Dex: 31    Spells: 25/29 levels left

rFire   . . .        b - +3 scimitar (flame)
rCold   . . .        h - +0 kite shield
rNeg    . . .        E - +8 chain mail of the Raven {rPois}
rPois   +            c - +0 helmet
rElec   +            (cloak unavailable)
rCorr   .            R - +2 pair of gloves {hurl}
SInv    +            l - +0 pair of boots {Stlth+}
Will    +....        u - amulet of magic regeneration
Stlth   +            r - ring of see invisible
HPRegen 0.34/turn    x - +5 ring of evasion
MPRegen 0.60/turn

%: no passive effects
@: on berserk cooldown, slowed, very heavily drained, very slow
A: thin metallic scales 3, powered by death 3, weakness stinger 3
a: Renounce Religion, Bend Time, Temporal Distortion, Slouch, Step From Time


You were on level 3 of the Snake Pit.
You worshipped Cheibriados.
Cheibriados was exalted by your worship.
You visited 5 branches of the dungeon, and saw 26 of its levels.
You also visited: Volcano.

You collected 2995 gold pieces.
You spent 50 gold pieces at shops.

Inventory:

Hand Weapons
 b - a +3 scimitar of flaming (weapon)
 N - the +4 scimitar "Devuobi" {freeze, ^Drain rF+ rCorr}
   (You found it on level 1 of the Lair of Beasts)

   rF+:       It protects you from fire.
   rCorr:     It protects you from acid and corrosion.
   ^Drain:    It drains your maximum health when unequipped.
Missiles
 d - 2 throwing nets (quivered)
 e - 5 javelins
 s - 4 curare-tipped darts
 H - 6 silver javelins
Armour
 c - a +0 helmet (worn)
 h - a +0 kite shield (worn)
 l - a +0 pair of boots of stealth (worn)
 E - the +8 chain mail of the Raven (worn) {rPois}
   (You found it on level 9 of the Dungeon)

   rPois:     It protects you from poison
 R - a +2 pair of gloves of hurling (worn)
Jewellery
 r - a ring of see invisible (left hand)
 u - an amulet of magic regeneration (around neck)
 w - a ring of wizardry
 x - a +5 ring of evasion (right hand)
 z - a ring of flight
 O - a ring of resist corrosion
 T - a +4 ring of slaying
Talismans
 V - a granite talisman
Wands
 p - a wand of mindburst (9)
 t - a wand of polymorph (6)
 v - a wand of flame (23)
 y - a wand of iceblast (28)
 A - a wand of paralysis (14)
 G - a wand of acid (6)
Scrolls
 a - 3 scrolls of silence
 f - 4 scrolls of enchant armour
 g - 4 scrolls of teleportation
 m - 2 scrolls of enchant weapon
 o - 5 scrolls of fog
 q - 3 scrolls of immolation
 J - 2 scrolls of blinking
 K - 3 scrolls of revelation
 M - 6 scrolls of identify
 P - a scroll of fear
 Q - a scroll of butterflies
 U - a scroll of amnesia
Potions
 i - 8 potions of brilliance
 j - 4 potions of mutation
 k - a potion of ambrosia
 n - 8 potions of curing
 B - 2 potions of cancellation
 C - 2 potions of might
 F - 3 potions of lignification
 I - 2 potions of enlightenment
 L - 2 potions of heal wounds
 S - a potion of resistance


   Skills:
 + Level 13.4 Fighting
 + Level 15.0 Long Blades
 - Level 5.0 Throwing
 + Level 10.6 Armour
 + Level 10.6 Dodging
 - Level 6.0 Shields
 + Level 7.4 Spellcasting
 - Level 5.0 Translocations
 - Level 12.0 Invocations
 + Level 1.9 Shapeshifting


You had 25 spell levels left.
You knew the following spells:

 Your Spells              Type           Power      Damage    Failure   Level
a - Manifold Assault      Tloc           38%        N/A       34%         4

Your spell library contained the following spells:

 Spells                   Type           Power      Damage    Failure   Level
 Blink                    Tloc           76%        N/A       5%          2
 Lesser Beckoning         Tloc           76%        N/A       5%          2
 Momentum Strike          Conj/Tloc      48%        3d9       14%         2
 Foxfire                  Conj/Fire      40%        2x1d6     26%         1
 Freeze                   Ice            40%        1d6       26%         1
 Necrotise                Necr           40%        1d6       26%         1
 Sandblast                Erth           20%        2d7       26%         1
 Cigotuvi's Dreadful Rot  Necr/Alch/Air  20%        N/A       38%         2
 Scorch                   Fire           20%        2d5       38%         2
 Frozen Ramparts          Ice            20%        1d4       63%         3
 Fugue of the Fallen      Necr           10%        N/A       63%         3
 Hailstorm                Conj/Ice       10%        3d6       63%         3
 Ozocubu's Armour         Ice            10%        N/A       63%         3
 Passwall                 Erth           10%        N/A       63%         3
 Stone Arrow              Conj/Erth      20%        3d8       63%         3
 Vampiric Draining        Necr           10%        2d6       63%         3
 Brom's Barrelling Bould  Conj/Erth      10%        2d3       95%         4
 Cause Fear               Hex            5%         N/A       95%         4
 Dispel Undead            Necr           10%        3d9       95%         4
 Flame Wave               Conj/Fire      10%        2d6       95%         4
 Martyr's Knell           Necr/Summ      10%        N/A       95%         4
 Curse of Agony           Necr           10%        N/A       100%        5
 Fireball                 Conj/Fire      5%         3d5       100%        5
 Death Channel            Necr           5%         N/A       100%        6
 Plasma Beam              Fire/Air       5%         2x1d15    100%        6
 Starburst                Conj/Fire      5%         6d4       100%        6
 Summon Cactus Giant      Summ           5%         N/A       100%        6
 Dragon's Call            Summ           5%         N/A       100%        9


Dungeon Overview and Level Annotations

Branches:
Dungeon (15/15)            Temple (1/1) D:6            Lair (5/5) D:11
  Swamp (0/4) Lair:3        Snake (3/4) Lair:2        Slime (0/5) Lair:5
    Orc (2/2) D:10            Elf (0/3) Orc:2        Vaults (0/5) D:14
 Depths (0/4) D:15        Volcano (visited)

Altars:
Ashenzari
Cheibriados
Dithmenos
Fedhas
Gozag
Hepliaklqana
Kikubaaqudgha
Makhleb
Nemelex Xobeh
Okawaru
Qazlal
Ru
Sif Muna
Trog
Uskayaw
Vehumet
Wu Jian
Xom
Yredelemnul
Jiyva

Shops:
D:6 :   D:7 *   D:15 *   Orc:2 [*(:

Annotations:
D:6 exclusion: door
D:10 2 transporters, Galthrax's ghost, journeyman GnCj
D:12 1 runed translucent door
Temple 2 transporters
Snake:2 2 transporters
Snake:3 Vashnia


Innate Abilities, Weirdness & Mutations

You are completely covered in thin metallic scales. (AC +4, rElec)
You regenerate a lot of health from kills.
You have a sharp stinger which inflicts weakening toxins.


Message History

Vashnia is lightly wounded.
Vashnia unwields a +2 dire flail of protection.
Vashnia wields a +1 longbow of draining.
You sense an unholy aura.
Vashnia shoots an arrow.
The arrow completely misses you.
You miss Vashnia.
Vashnia is lightly wounded.
Vashnia mumbles some strange words.
Vashnia magically shoots an arrow.
You block the arrow.
You barely miss Vashnia.
Your tail-slap misses Vashnia.
Vashnia is lightly wounded.
You miss Vashnia.
Your tail-slap misses Vashnia.
Vashnia is lightly wounded.
Vashnia shoots an arrow.
You block the arrow.
You slash Vashnia! You burn Vashnia.
Vashnia is lightly wounded.
Vashnia shoots an arrow.
The arrow barely misses you.
You slice Vashnia!! You burn Vashnia!
Your tail-slap misses Vashnia.
Vashnia is heavily wounded.
Vashnia shoots an arrow.
You block the arrow.
You barely miss Vashnia.
Vashnia is heavily wounded.
You slice Vashnia!! You burn Vashnia.
Vashnia is severely wounded.
Vashnia spits poison at you. You block the splash of poison.
You barely miss Vashnia. You tail-slap Vashnia!
Vashnia looks even weaker.
Vashnia is severely wounded.
Vashnia shoots an arrow.
The arrow barely misses you.
You hit Vashnia but do no damage.
Your tail-slap misses Vashnia.
Vashnia is severely wounded.
Vashnia spits poison at you. The splash of poison misses you.
You slash Vashnia! You burn Vashnia.
Vashnia is severely wounded.
You are no longer berserk.
You are exhausted.
You feel yourself slow down.
Vashnia shoots an arrow.
The arrow hits you!
You die...
Vashnia says, "All clear.
Let's check for more."

.. #.......... ...
#........... ..N.
#............
.....##............
...................
...................
...................
#######..N.........
##..@........
####[######
####))..# #...###.#
#.#.# .# #.#<# .#
##### .# .# .#


You could see Vashnia (catching breath, weak).

Vanquished Creatures
  Jorgrun (Snake:1)
  Kirke (D:13)
  Aizul (Snake:1)
  Roxanne (Snake:2)
  An orc warlord (Orc:2)
  Azrael (D:14)
  Josephine (Orc:1)
  An ice dragon (Lair:5)
  2 fire dragons (D:15)
  2 vault guards (D:14)
  6 hydras
  A salamander tyrant (Snake:2)
  A catoblepas (D:9)
  An ironbound frostheart (D:14)
  4 centaur warriors
  2 boulder beetles
  2 anacondas (Snake:1)
  3 two-headed ogres
  2 hell hogs
  A naga warrior (Snake:1)
  9 naga sharpshooters
  4 orc high priests (Orc:2)
  2 skysharks (Lair:5)
  A fire crab (Volcano)
  2 bog bodies (Lair:3)
  A swamp dragon (Lair:5)
  2 naga ritualists
  Pikel (D:9)
  4 mana vipers
  4 deep elf pyromancers
  A lindwurm (shapeshifter) (D:14)
  2 arcanists
  5 large abominations (D:14)
  A wolf spider (Lair:5)
  3 orc sorcerers (Orc:2)
  5 orc knights
  An oklob plant (D:11)
  15 ugly things
  A guardian serpent (Snake:1)
  3 manticores
  2 cyclopes
  16 elephants
  5 salamanders
  19 black mambas
  7 kobold blastminers
  5 naga magi
  18 cane toads
  A gargoyle (D:10)
  A torpor snail (Lair:5)
  6 rime drakes
  An efreet (D:11)
  A kobold demonologist (D:11)
  17 komodo dragons
  11 polar bears
  A tyrant leech (Lair:5)
  5 trolls
  A hornet (Lair:5)
  14 blink frogs
  4 raiju (Lair:5)
  18 slime creatures
  A shadow (D:12)
  A wyvern (D:7)
  62 yaks
  A vampire (D:12)
  4 fire elementals (D:14)
  5 basilisks
  7 small abominations (D:14)
  3 steam dragons
  2 fire bats (Volcano)
  2 humans (D:14)
  8 wraiths
  A hog (D:13)
  4 wargs (Lair:5)
  Menkaure (D:5)
  5 vampire mosquitoes
  15 water moccasins
  26 nagas
  5 acid dragons
  3 swamp worms (Lair:5)
  17 hell hounds
  Duvessa (D:5)
  30 orc warriors
  13 black bears
  An ice beast (D:8)
  2 laughing skulls (D:14)
  12 centaurs
  5 ogres
  38 wolves
  A phantom (D:5)
  2 kobold brigands (D:9)
  14 bullfrogs
  2 scorpions
  A gnoll sergeant (D:13)
  4 necrophages (Lair:3)
  4 wights (D:6)
  Dowan (D:5)
  18 killer bees
  A howler monkey (D:7)
  3 bombardier beetles (D:4)
  7 lava snakes (D:11)
  4 jellies
  3 hounds
  23 orc priests
  Crazy Yiuf (D:3)
  Jessica (D:3)
  2 gnoll boudas
  A sleepcap (D:4)
  2 iguanas (Lair:5)
  33 orc wizards
  3 hell rats (Lair:1)
  10 gnolls
  10 adders
  7 river rats (Lair:1)
  A shadow imp (D:5)
  3 white imps
  4 ufetubi (D:6)
  2 ribbon worms
  2 dart slugs
  101 orcs
  6 endoplasms
  2 giant cockroaches (D:3)
  5 goblins
  5 hobgoblins
  13 kobolds
  A quokka (D:2)
  2 ball pythons
  3 frilled lizards
  10 rats
848 creatures vanquished.

Vanquished Creatures (others)
  2 ugly things (D:14)
  A human (D:13)
  A centaur (Volcano)
4 creatures vanquished.

Grand Total: 852 creatures vanquished

Notes
Turn   | Place    | Note
-------+----------+-------------------------------------------
     0 | D:1      | inmateoo the Demonspawn Gladiator began the quest for the
                  | Orb.
     0 | D:1      | Reached XP level 1. HP: 16/16 MP: 1/1
    16 | D:1      | Found a faded altar of an unknown god.
   445 | D:1      | Gained mutation: You are partially covered in thin metallic
                  | scales. (AC +2) [demonic ancestry]
   445 | D:1      | Reached XP level 2. HP: 22/22 MP: 2/2
   601 | D:2      | Reached skill level 3 in Long Blades
   745 | D:2      | Found an opulent altar of Gozag.
   852 | D:2      | Reached skill level 1 in Armour
   852 | D:2      | Gained mutation: You regenerate a little health from kills.
                  | [demonic ancestry]
   852 | D:2      | Reached XP level 3. HP: 20/28 MP: 3/3
  1190 | D:3      | Noticed Jessica
  1203 | D:3      | Killed Jessica
  1204 | D:3      | Gained mutation: You regenerate health from kills. [demonic
                  | ancestry]
  1204 | D:3      | Reached XP level 4. HP: 15/34 MP: 4/4
  1956 | D:3      | Found a runed translucent door.
  1957 | D:3      | Noticed Crazy Yiuf
  1964 | D:3      | Killed Crazy Yiuf
  1965 | D:3      | Reached XP level 5. HP: 40/40 MP: 5/5
  1969 | D:3      | Identified the +7 hammer of Soft Judgement {freeze, Str+4}
  2031 | D:4      | Reached skill level 4 in Long Blades
  2265 | D:4      | Reached XP level 6. HP: 47/47 MP: 6/6
  2410 | D:4      | Reached skill level 5 in Long Blades
  2585 | D:4      | Reached XP level 7. HP: 50/53 MP: 7/7
  3024 | D:5      | Entered Level 5 of the Dungeon
  3091 | D:5      | Noticed Duvessa
  3101 | D:5      | Killed Duvessa
  3112 | D:5      | Noticed Dowan
  3146 | D:5      | Killed Dowan
  3291 | D:5      | Noticed Menkaure
  3309 | D:5      | Killed Menkaure
  3441 | D:5      | Reached skill level 6 in Long Blades
  3441 | D:5      | Reached XP level 8. HP: 44/61 MP: 8/8
  3816 | D:6      | Found Edirgh's Book Emporium.
  3864 | D:6      | Found a shimmering blue altar of Sif Muna.
  3980 | D:6      | Reached skill level 5 in Dodging
  3983 | D:6      | Reached skill level 5 in Fighting
  4048 | D:6      | Reached skill level 7 in Long Blades
  4135 | D:6      | Found a staircase to the Ecumenical Temple.
  4668 | Temple   | Found a transporter.
  4668 | Temple   | Found a transporter.
  4668 | Temple   | Found a transporter.
  4668 | Temple   | Found a transporter.
  4668 | Temple   | Entered the Ecumenical Temple
  4680 | Temple   | Became a worshipper of Cheibriados the Contemplative
  4914 | D:7      | Found Enept's General Store.
  4917 | D:7      | Bought a scroll of identify for 20 gold pieces
  4917 | D:7      | Bought a potion of curing for 30 gold pieces
  4999 | D:7      | Reached XP level 9. HP: 65/69 MP: 9/9
  5381 | D:8      | Reached skill level 5 in Armour
  5520 | D:8      | Found a broken altar of Ashenzari.
  5525 | D:8      | Found an iron altar of Okawaru.
  5679 | D:8      | Reached skill level 8 in Long Blades
  5696 | D:8      | Reached * piety under Cheibriados
  5820 | D:8      | Reached skill level 1 in Invocations
  6340 | D:9      | Identified the +8 chain mail of the Raven {rPois}
  6399 | D:9      | Reached skill level 9 in Long Blades
  6444 | D:9      | Reached ** piety under Cheibriados
  6622 | D:9      | Noticed a catoblepas
  6938 | D:9      | Noticed a cyclops
  6954 | D:9      | Killed a cyclops
  6955 | D:9      | Gained mutation: You are mostly covered in thin metallic
                  | scales. (AC +3) [demonic ancestry]
  6955 | D:9      | Reached XP level 10. HP: 29/79 MP: 13/13
  7188 | D:9      | Killed a catoblepas
  7189 | D:9      | Reached skill level 5 in Invocations
  7415 | D:9      | Noticed a six-headed hydra
  7782 | D:9      | Reached skill level 10 in Long Blades
  8002 | D:9      | Killed a six-headed hydra
  8149 | D:9      | Noticed Pikel
  8160 | D:9      | Killed Pikel
  8198 | D:10     | Entered Level 10 of the Dungeon
  8247 | D:10     | Reached *** piety under Cheibriados
  8316 | D:10     | Noticed a gargoyle
  8320 | D:10     | Killed a gargoyle
  8321 | D:10     | Reached skill level 10 in Invocations
  8363 | D:10     | Noticed a two-headed ogre
  8364 | D:10     | Noticed Galthrax's ghost (journeyman GnCj)
  8364 | D:10     | Noticed a two-headed ogre
  8375 | D:10     | Found a bloodstained altar of Trog.
  8375 | D:10     | Noticed a two-headed ogre
  8376 | D:10     | Noticed a moth of wrath
  8382 | D:10     | Found a transporter.
  8384 | D:10     | Found a transporter.
  8433 | D:10     | Noticed a two-headed ogre
  8434 | D:10     | Noticed a deep troll
  8468 | D:10     | Reached **** piety under Cheibriados
  8479 | D:10     | Found a staircase to the Orcish Mines.
  8500 | D:10     | Reached skill level 1 in Spellcasting
  8510 | D:10     | Gained mutation: You have a small tail. [demonic ancestry]
  8510 | D:10     | Reached XP level 11. HP: 68/86 MP: 18/18
  8723 | D:10     | Found an ancient bone altar of Kikubaaqudgha.
  8870 | D:11     | Noticed a two-headed ogre
  8879 | D:11     | Killed a two-headed ogre
  8909 | D:11     | Noticed an oklob plant
  8937 | D:11     | Noticed a soul eater
  9104 | D:11     | Noticed an orc knight
  9122 | D:11     | Reached ***** piety under Cheibriados
  9134 | D:11     | Killed an orc knight
  9342 | D:11     | Found a staircase to the Lair.
  9450 | D:11     | Killed an oklob plant
  9699 | D:11     | Noticed a centaur warrior
  9711 | D:11     | Killed a centaur warrior
 10439 | D:12     | Gained mutation: You regenerate a lot of health from kills.
                  | [demonic ancestry]
 10439 | D:12     | Reached XP level 12. HP: 85/95 MP: 19/19
 10445 | D:12     | Noticed a boulder beetle
 10455 | D:12     | Killed a boulder beetle
 10466 | D:12     | Found a runed translucent door.
 10468 | D:12     | Noticed an anaconda
 10468 | D:12     | Noticed an anaconda
 10468 | D:12     | Noticed an anaconda
 10468 | D:12     | Noticed an anaconda
 10513 | D:12     | Reached skill level 11 in Long Blades
 10800 | D:12     | Noticed an anaconda
 10816 | D:12     | Found the +2 pair of slick slippers {slick, slippery, EV+4}
 10943 | D:13     | Noticed a centaur warrior
 10954 | D:13     | Killed a centaur warrior
 11198 | D:13     | Reached ****** piety under Cheibriados
 11384 | D:13     | Reached skill level 5 in Spellcasting
 11393 | D:13     | Learned a level 4 spell: Manifold Assault
 11419 | D:13     | Reached skill level 10 in Fighting
 11512 | D:13     | Noticed Kirke
 11725 | D:13     | Reached skill level 1 in Translocations
 11938 | D:13     | Killed Kirke
 11939 | D:13     | Reached skill level 1 in Shields
 12143 | D:13     | Found a sparkling altar of Nemelex Xobeh.
 12378 | Lair:1   | Entered Level 1 of the Lair of Beasts
 12619 | Lair:1   | Gained mutation: You have a tail ending in a sharp stinger.
                  | [demonic ancestry]
 12619 | Lair:1   | Reached XP level 13. HP: 101/102 MP: 20/20
 12916 | Lair:1   | Identified the +4 scimitar "Devuobi" {freeze, ^Drain rF+
                  | rCorr}
 13758 | Lair:2   | Found a staircase to the Snake Pit.
 13766 | Lair:2   | Reached skill level 12 in Long Blades
 14599 | Lair:3   | Reached skill level 5 in Translocations
 14616 | Lair:3   | Reached XP level 14. HP: 109/113 MP: 21/21
 14648 | Lair:3   | Found a staircase to the Swamp.
 15075 | Lair:4   | Found a dark tunnel.
 15178 | Volcano  | Entered a volcano
 15341 | Volcano  | Reached skill level 13 in Long Blades
 15862 | Lair:4   | Identified the +7 chain mail of Paurad Vuis {Dex+3}
 15925 | Lair:5   | Entered Level 5 of the Lair of Beasts
 16099 | Lair:5   | Reached skill level 14 in Long Blades
 16180 | Lair:5   | Found a staircase to the Slime Pits.
 16180 | Lair:5   | Found a viscous altar of Jiyva.
 16184 | Lair:5   | Noticed Sonja
 16185 | Lair:5   | Sonja changed into Sonja the hornet
 16185 | Lair:5   | Noticed Sonja
 16189 | Lair:5   | Killed Sonja the hornet
 17140 | Lair:5   | Gained mutation: You are completely covered in thin
                  | metallic scales. (AC +4, rElec) [demonic ancestry]
 17140 | Lair:5   | Reached XP level 15. HP: 111/119 MP: 23/23
 17789 | D:14     | Reached skill level 5 in Shields
 17887 | D:14     | Noticed Azrael
 17925 | D:14     | Killed Azrael
 18391 | D:14     | Found a gate to the Vaults.
 18417 | D:15     | Entered Level 15 of the Dungeon
 18789 | D:15     | Found Tivizeawk's Elemental Accessories.
 19268 | D:15     | Found a staircase to the Depths.
 19542 | Orc:1    | Entered Level 1 of the Orcish Mines
 19679 | Orc:1    | Noticed Josephine
 19690 | Orc:1    | Killed Josephine
 19951 | Orc:2    | Entered Level 2 of the Orcish Mines
 20193 | Orc:2    | Found a staircase to the Elven Halls.
 20321 | Orc:2    | Reached skill level 10 in Armour
 20433 | Orc:2    | Paralysed by an orc sorcerer for 3 turns
 20434 | Orc:2    | Reached skill level 10 in Dodging
 20517 | Orc:2    | Found Jammem's Antique Armour Shop.
 20518 | Orc:2    | Found Efarch's Antique Weapon Shop.
 20520 | Orc:2    | Found Xiprot's General Store.
 20520 | Orc:2    | Found Raej's Book Boutique.
 20604 | Orc:2    | Reached skill level 5 in Throwing
 20881 | Snake:1  | Entered Level 1 of the Snake Pit
 20907 | Snake:1  | Gained mutation: You have a sharp stinger which inflicts
                  | weakening toxins. [demonic ancestry]
 20907 | Snake:1  | Reached XP level 16. HP: 130/130 MP: 26/26
 20958 | Snake:1  | Identified the serpent talisman of Untruth {rC+ Int+3
                  | Slay+3}
 20958 | Snake:1  | Noticed Aizul
 21286 | Snake:1  | Killed Aizul
 21498 | Snake:1  | Noticed Jorgrun
 21511 | Snake:1  | Killed Jorgrun
 21913 | Snake:2  | Reached skill level 1 in Shapeshifting
 21985 | Snake:2  | Found a transporter.
 22073 | Snake:2  | Noticed Roxanne
 22181 | Snake:2  | Found a transporter.
 22181 | Snake:2  | Found the +10 morningstar "Eos" {elec, Halo rElec}
 23234 | Snake:2  | Killed Roxanne
 23315 | Snake:3  | Noticed Vashnia
 23573 | Snake:3  | Reached skill level 15 in Long Blades
 24089 | Snake:3  | Shot with an arrow by Vashnia

Illustrated notes

Levels and vault maps discovered:
D:1:      amcnicky_arrival_feature_with_door, layout_loops_ring,
          hellmonk_ecumenical_altar_crossroads
D:2:      layout_basic, basic_altar
D:3:      layout_loops_ring, serial_bayou_pond_e, uniq_crazy_yiuf_cottage,
          uniq_jessica
D:4:      layout_basic
D:5:      layout_rooms, uniq_duvessa, uniq_menkaure
D:6:      layout_cave_pods, led_sif_book, minmay_temple_entry_fiery,
          serial_shops, shop
D:7:      layout_basic, serial_shops, kennysheep_mini, serial_rivers,
          chequers_serial_rivers_small_b, chequers_serial_rivers_micro_c,
          chequers_serial_rivers_small_3, chequers_serial_rivers_micro_b,
          chequers_serial_rivers_micro_e, chequers_serial_rivers_micro_b
D:8:      layout_loops_cross, grunt_temple_overflow_open
D:9:      wad_arrow_thing, layout_loops_ring, minmay_misc_feat_diagonals,
          uniq_pikel
D:10:     wander_river, layout_cave_pools, marbit_many_paths, david_orc_5,
          gammafunk_ghost_wrathful_warriors
D:11:     kennysheep_big_flooded_room, layout_loops_ring, dpeg_oklobed_lair,
          special_room [special_room_orc]
D:12:     layout_cave_pools, nicolae_guarded_unrand_slippers
D:13:     layout_loops_ring, nemelex_spade_bored_becter, uniq_kirke
D:14:     layout_roguey, hellmonk_vaults_keyhole, laboratory, uniq_azrael
D:15:     grunt_enter_depths_hoard, layout_basic, hangedman_decor_cross_pass,
          nicolae_elemental_shop, minmay_misc_feat_ornament
Temple:   hellmonk_temple_divided_pantheon
Lair:1:   layout_misc_corridors, serial_rivers, chequers_serial_rivers_marsh,
          chequers_serial_rivers_room_b, chequers_serial_rivers_micro_a,
          chequers_serial_rivers_micro_e, chequers_serial_rivers_micro_a,
          chequers_serial_rivers_large_b, kennysheep_abandoned_house
Lair:2:   layout_roguey, guppyfry_snake_entry_garden, beast_lair_carwin_7
Lair:3:   layout_misc_corridors, skrybe_swamp_entry_bodies, roderic_carrion_pond
Lair:4:   layout_roguey, nicolae_volcano_entry_two_sided, serial_bayou_shore_b
Lair:5:   hangedman_lair_caniforms_friends, layout_regular_city,
          guppyfry_lair_end_dragon, slime_entry_1, worms_lemuel,
          grunt_megastairs_5, uniq_sonja
Snake:1:  layout_basic, grunt_ministairs_6, uniq_jorgrun, uniq_aizul
Snake:2:  gammafunk_its_a_trap, layout_basic, uniq_roxanne
Snake:3:  layout_basic, lemuel_fruit_tree, grunt_megastairs_2, uniq_vashnia
Orc:1:    layout_caves, uniq_josephine
Orc:2:    st_orc_congregation, layout_caves

Skill      XL: |  1  2  3  4  5  6  7  8  9 10 11 12 13 14 15 16 |
---------------+-------------------------------------------------+-----
Long Blades    | 3 4 5 6 7 9 10 11 12 14 15 | 15.0
Armour         | 1 2 3 4 5 6 7 9 10 | 10.6
Dodging        | 3 4 5 6 7 9 10 | 10.6
Fighting       | 3 4 5 7 8 9 10 11 12 13 | 13.4
Invocations    | 4 10 11 12 | 12.0
Spellcasting   | 1 4 5 6 7 |  7.4
Translocations | 2 5 |  5.0
Shields        | 2 4 6 |  6.0
Throwing       | 3 5 |  5.0
Shapeshifting  | 1 |  1.9

Action                     |  1- 3 |  4- 6 |  7- 9 | 10-12 | 13-15 | 16-18 || total
---------------------------+-------+-------+-------+-------+-------+-------++-------
  Melee: Long sword        |    88 |    56 |       |       |       |       ||   144
         Punch             |       |     2 |     3 |    10 |       |       ||    15
         Mace              |       |    71 |   307 |   396 |       |       ||   774
         Tailslap          |       |       |       |   125 |   317 |   101 ||   543
         Scimitar          |       |       |       |   337 |  1577 |   379 ||  2293
         Unarmed           |       |       |       |     2 |       |       ||     2
  Throw: Throwing net      |       |     2 |       |     1 |       |       ||     3
         Javelin           |       |       |     1 |     1 |       |       ||     2
 Invoke: Slouch            |       |       |       |       |     1 |       ||     1
  Evoke: Wand              |       |       |       |     8 |     2 |     2 ||    12
    Use: Scroll            |     6 |     4 |     7 |     7 |     5 |     2 ||    31
         Potion            |       |       |     4 |     3 |       |     4 ||    11
   Stab: Paralysed         |       |       |       |     4 |       |       ||     4
 Armour: Leather armour    |    26 |       |       |       |       |       ||    26
         Scale mail        |    28 |   121 |    53 |       |       |       ||   202
         Skin              |       |       |     4 |     6 |       |       ||    10
         Ring mail         |       |       |   226 |       |       |       ||   226
         Chain mail        |       |       |    42 |   535 |   603 |   185 ||  1365
  Dodge: Dodged            |    37 |    62 |   339 |   939 |  1339 |   293 ||  3009
  Block: Buckler           |       |       |       |   106 |   703 |   103 ||   912
         Kite shield       |       |       |       |       |       |   130 ||   130
